 Dungeon Sprint DCSS version 0.27-a0-156-gbcd94eb011 (webtiles) character file.

Game seed: 16325578041750751462

346 mhtbhm the Martial Artist (level 6, -2/45 HPs)
             Began as an Octopode Transmuter on Jan 28, 2021.
             Was a Believer of Sif Muna.
             Slain by an orc priest
             ... wielding a +0 hand axe
              (4 damage)
             ... while paralysed by a floating eye
             ... in the Dungeon (Sprint VII: "The Pits").
             The game lasted 00:01:49 (855 turns).

mhtbhm the Martial Artist (Octopode Transmuter)      Turns: 855, Time: 00:01:50

Health: -2/45      AC:  5    Str: 11    XL:     6   Next: 59%
Magic:  10/15      EV:  1    Int: 16    God:    Sif Muna [**....]
Gold:   0          SH:  0    Dex: 12    Spells: 7/17 levels left

rFire    x . .     SeeInvis .     - Unarmed
rCold    + + +     Faith    .   (shield currently unavailable)
rNeg     . . .     Spirit   .   (helmet currently unavailable)
rPois    +         Reflect  .   (no amulet)
rElec    .         Harm     .   (no ring)
rCorr    .         Rampage  .   (no ring)
Will     .....     NoTele   +   (no ring)
Stlth    +.........             (no ring)
HPRegen  0.15/turn              (no ring)
MPRegen  0.14/turn              (no ring)
                                (no ring)
                                (no ring)

@: paralysed, ice-form, berserk cooldown, slowed
A: large, almost no armour, stealthy swim, amphibious, 8 rings, (constrict 8)
a: End Transformation, Renounce Religion, Channel Magic


You were in the Dungeon.
You worshipped Sif Muna.
Sif Muna was pleased with you.
You were a creature of crystalline ice.
You visited 1 branch

Inventory:

Scrolls
 g - a scroll of blinking
 h - 3 scrolls of remove curse
 i - 5 scrolls of amnesia
 j - a scroll of summoning
Potions
 a - 2 potions of invisibility
 b - a potion of curing
 c - a potion of heal wounds
 d - a potion of haste
 e - 4 potions of magic
 f - 2 potions of berserk rage


   Skills:
 + Level 1.0 Fighting
 + Level 5.4 Dodging
 + Level 9.5 Unarmed Combat
 + Level 6.1 Spellcasting
 + Level 6.0 Transmutations
 + Level 1.2 Ice Magic


You had 7 spell levels left.
You knew the following spells:

 Your Spells              Type           Power        Failure   Level
a - Beastly Appendage     Tmut           48%          1%          1
b - Wereblood             Tmut           24%          1%          2
c - Spider Form           Tmut/Pois      7%           12%         3
d - Ice Form              Ice/Tmut       16%          30%         4

Your spell library contained the following spells:

 Spells                   Type           Power        Failure   Level
 Blade Hands              Tmut           12%          32%         5


Dungeon Overview and Level Annotations

Branches:
Dungeon (1/1)

Altars:
Ashenzari
Cheibriados
Dithmenos
Elyvilon
Fedhas
Gozag
Hepliaklqana
Kikubaaqudgha
Makhleb
Nemelex Xobeh
Okawaru
Qazlal
Ru
Sif Muna
Trog
Uskayaw
Vehumet
Wu Jian
Xom
Yredelemnul
Zin
The Shining One
Beogh
Jiyva
Lugonu


Innate Abilities, Weirdness & Mutations

You cannot wear most types of armour.
You are very stealthy in the water. (Stealth+)
You are amphibious.
You can wear up to eight rings at the same time.
((You can use your tentacles to constrict eight enemies at once.))
((Your skin changes colour to match your surroundings (Stealth+).))
((Your rubbery body absorbs attacks. (AC +1, EV +1)))


Message History

You suddenly lose the ability to move!
The orc wizard hits you with a +0 dagger.
The orc hits you with a +0 whip.
The orc wizard hits you but does no damage.
The orc hits you with a +0 whip.
* * * LOW HITPOINT WARNING * * *
You are no longer berserk.
You feel yourself slow down.
The orc priest hits you with a +0 hand axe.
* * * LOW HITPOINT WARNING * * *
The orc wizard completely misses you. The orc hits you but does no damage.
The orc priest hits you with a +0 hand axe.
* * * LOW HITPOINT WARNING * * *
The orc wizard hits you but does no damage.
The orc hits you with a +0 whip.
* * * LOW HITPOINT WARNING * * *
The floating eye seems to glare at you.
The orc wizard hits you but does no damage.
The orc priest hits you with a +0 hand axe.
You die...

##########.##..........
#...........'..........
#+#####'#####......#..#
#.....# #..........
#.....# ####'#####+
###'### #.......#
#.)...# #.......#
#..o..# #.......#
####Y## #...<...#
#..Goo...##.......#
#........##.......#
###########.......#
#########


You could see a floating eye (charged), an orc priest, an orc wizard and an orc.

Vanquished Creatures
  3 floating eyes (D)
  An orc priest (D)
  A river rat (D)
  An orc (D)
  A kobold (D)
  A ball python (D)
  A rat (D)
9 creatures vanquished.

Notes
Turn   | Place    | Note
-------+----------+-------------------------------------------
     0 | D        | mhtbhm the Octopode Transmuter began the quest for the Orb.
     0 | D        | Reached XP level 1. HP: 13/13 MP: 3/3
    20 | D        | Reached skill level 4 in Unarmed Combat
    20 | D        | Reached XP level 2. HP: 8/18 MP: 1/5
    24 | D        | Found a bloodstained altar of Trog.
    24 | D        | Found a shimmering blue altar of Sif Muna.
    24 | D        | Found a viscous altar of Jiyva.
    24 | D        | Found a hazy altar of Hepliaklqana.
    24 | D        | Found an opulent altar of Gozag.
    25 | D        | Found a glowing golden altar of the Shining One.
    25 | D        | Found a glowing silver altar of Zin.
    25 | D        | Found a basalt altar of Yredelemnul.
    25 | D        | Found a shimmering altar of Xom.
    25 | D        | Found an ornate altar of the Wu Jian Council.
    25 | D        | Found a sacrificial altar of Ru.
    25 | D        | Found a stormy altar of Qazlal.
    25 | D        | Found an iron altar of Okawaru.
    25 | D        | Found a sparkling altar of Nemelex Xobeh.
    25 | D        | Found a burning altar of Makhleb.
    25 | D        | Found a blossoming altar of Fedhas.
    25 | D        | Found a white marble altar of Elyvilon.
    25 | D        | Found a shadowy altar of Dithmenos.
    25 | D        | Found a snail-covered altar of Cheibriados.
    27 | D        | Found a radiant altar of Vehumet.
    27 | D        | Found a corrupted altar of Lugonu.
    27 | D        | Found a roughly hewn altar of Beogh.
    28 | D        | Found a hide-covered altar of Uskayaw.
    28 | D        | Found an ancient bone altar of Kikubaaqudgha.
    28 | D        | Found a broken altar of Ashenzari.
    30 | D        | Became a worshipper of Sif Muna the Loreminder
   219 | D        | Learned a level 2 spell: Wereblood
   228 | D        | Noticed a floating eye
   230 | D        | Killed a floating eye
   230 | D        | Reached * piety under Sif Muna
   231 | D        | Reached skill level 7 in Unarmed Combat
   231 | D        | Reached XP level 3. HP: 23/23 MP: 3/8
   231 | D        | Reached XP level 4. HP: 28/28 MP: 3/10
   232 | D        | Reached XP level 5. HP: 33/33 MP: 3/11
   239 | D        | Learned a level 3 spell: Spider Form
   244 | D        | Learned a level 4 spell: Ice Form
   838 | D        | Noticed a floating eye
   838 | D        | Noticed a floating eye
   838 | D        | Noticed a floating eye
   840 | D        | Paralysed by a floating eye for 4 turns
   844 | D        | Killed a floating eye
   845 | D        | Reached skill level 8 in Unarmed Combat
   845 | D        | Reached skill level 5 in Spellcasting
   845 | D        | Reached skill level 5 in Transmutations
   848 | D        | Killed a floating eye
   848 | D        | Reached ** piety under Sif Muna
   849 | D        | Reached skill level 5 in Dodging
   849 | D        | Reached skill level 9 in Unarmed Combat
   849 | D        | Reached skill level 1 in Ice Magic
   849 | D        | Reached XP level 6. HP: 33/38 MP: 9/15
   851 | D        | Paralysed by a floating eye for 4 turns
   854 | D        | HP: 2/45 [orc/+0 whip (4)]
   855 | D        | Slain by an orc priest

Illustrated notes

Levels and vault maps discovered:
D:        pitsprint [storerooms_1, entrance_room_1, metal_vault_7, armoury_2,
          mini_pit_1, grid_room_1, main_hall_1, silver_pit, the_coven_3,
          the_vestibule_1, steel_vault_3, golden_pit, hallway_of_sentries,
          crystal_vault_3, iron_vault_5, final_vault]

Skill      XL: |  1  2  3  4  5  6 |
---------------+-------------------+-----
Unarmed Combat | 4 7 9 |  9.5
Dodging        | 4 5 |  5.4
Spellcasting   | 4 6 |  6.1
Transmutations | 4 5 6 |  6.0
Ice Magic      | 1 |  1.2
Fighting       | |  1.0

Action                   |  1- 3 |  4- 6 || total
-------------------------+-------+-------++-------
Melee: Unarmed           |    10 |     8 ||    18
       Kick              |     4 |     1 ||     5
       Constrict         |     2 |     1 ||     3
       Tentacles         |     1 |       ||     1
 Cast: Beastly Appendage |     2 |       ||     2
       Wereblood         |     1 |       ||     1
       Ice Form          |       |     1 ||     1
  Use: Potion            |       |     1 ||     1
Armor: Skin              |     1 |     5 ||     6
Dodge: Dodged            |     3 |     5 ||     8

Table legend: (Time is in decaauts)
 A = Elapsed time spent in this place.
 B = Non-inter-level travel time spent in this place.
 C = Inter-level travel time spent in this place.
 D = Time resting spent in this place.
 E = Time spent auto-exploring this place.
 F = Levels seen in this place.
 G = Mean time per level.
                   A        B        C        D        E       F      G
               +--------+--------+--------+--------+--------+-----+--------+
         Total |    850 |    850 |      0 |    741 |      0 |   1 |  850.0 |
       Dungeon |    850 |    850 |      0 |    741 |      0 |   1 |  850.0 |
               +--------+--------+--------+--------+--------+-----+--------+

Top non-repeatable levels by time:
       D: 850 daAuts
